 Dungeon Crawl Stone Soup version 0.27.1-33-g824d729ab1 (webtiles) character file.

Game seed: 15849564200161293138

148 H0rd4k the Charlatan (level 5, -1/38 HPs)
             Began as a Human Artificer on Dec 20, 2021.
             Succumbed to a kobold's poison
             ... on level 3 of the Dungeon.
             The game lasted 00:03:47 (4412 turns).

H0rd4k the Charlatan (Human Artificer)              Turns: 4412, Time: 00:03:48

Health: -1/38      AC:  3    Str: 13    XL:     5   Next: 56%
Magic:  0/5        EV: 12    Int: 12    God:
Gold:   100        SH:  0    Dex: 13    Spells: 4/4 levels left

rFire    . . .     SeeInvis .   f - +0 dagger
rCold    . . .     Faith    .   (no shield)
rNeg     . . .     Spirit   +   b - +0 leather armour
rPois    .         Reflect  .   (no helmet)
rElec    .         Harm     .   (no cloak)
rCorr    .         Rampage  .   (no gloves)
Will     .....                  (no boots)
Stlth    +.........             j - amulet of guardian spirit
HPRegen  0.12/turn              (no ring)
MPRegen  0.09/turn              (no ring)

@: lethally poisoned (-1 -> -14), invisible
A: no striking features
a: no special abilities


You were on level 3 of the Dungeon.
You visited 1 branch of the dungeon, and saw 3 of its levels.

You collected 100 gold pieces.

Inventory:

Hand Weapons
 f - a +0 dagger (weapon)
Armour
 b - a +0 leather armour (worn)
Jewellery
 j - an amulet of guardian spirit (around neck)
Wands
 d - a wand of charming (9)
Scrolls
 a - a scroll of enchant weapon {unknown}
 g - a scroll of enchant armour {unknown}
 i - 2 scrolls of teleportation {unknown}
Potions
 c - a potion of degeneration {unknown}
 h - a potion of invisibility
 k - a potion of attraction {unknown}
Miscellaneous
 e - a piece from Xom's chessboard (11/15)


   Skills:
 + Level 2.1 Fighting
 + Level 2.3 Short Blades
 - Level 2.0 Armour
 + Level 2.1 Dodging
 - Level 1.0 Stealth
 + Level 4.2 Evocations


You had 4 spell levels left.
You didn't know any spells.
Your spell library was empty.

Dungeon Overview and Level Annotations

Branches:
Dungeon (3/15)

Altars:


Message History

You hit the orc.
You kill the orc!
The kobold hits you but does no damage.
The kobold throws a poisoned dart.
The poisoned dart closely misses you.
You hit the kobold.
The kobold is heavily wounded.
The kobold hits you with a +0 club.
You closely miss the kobold.
The kobold is heavily wounded.
The kobold closely misses you.
You hit the kobold.
The kobold is severely wounded.
The kobold completely misses you.
You hit the kobold.
You kill the kobold!
The kobold throws a poisoned dart.
The poisoned dart hits you!
You are poisoned.
You feel sick. The kobold barely misses you.
You completely miss the kobold.
You feel sick. The kobold hits you but does no damage.
You are more poisoned.
You make a move on Xom's chessboard...
The kobold is outlined in light.
You feel very sick.
The kobold hits you with a +1 short sword of venom.
* * * LOW HITPOINT WARNING * * *
Unknown command.
You barely miss the kobold.
* * * LOW HITPOINT WARNING * * *
You feel sick.
The kobold hits you with a +1 short sword of venom.
* * * LOW HITPOINT WARNING * * *
You are more poisoned.
You closely miss the kobold.
* * * LOW HITPOINT WARNING * * *
You feel very sick.
The kobold hits you with a +1 short sword of venom.
* * * LOW HITPOINT WARNING * * *
It was a potion of invisibility.
You fade into invisibility!
You die...

######## #......#
#......# #......#
#......# ##########
#......# #........#
#......# #......).#
####...### #.....K@.###
##....#
.......)...########..###
#........#..............
.........######.........
#......... #.........
#.........## #.........
#########.... ####....#<
....#####.....#
........#.#...


You could see a kobold (corona).

Vanquished Creatures
  Robin (D:2)
  6 adders
  3 worms (D:2)
  2 dart slugs
  An orc (D:3)
  7 endoplasms
  A giant cockroach (D:1)
  9 goblins
  4 hobgoblins
  8 jackals
  A quokka (D:3)
  5 ball pythons
  6 bats
  6 frilled lizards
  7 kobolds
  3 rats
70 creatures vanquished.

Vanquished Creatures (collateral kills)
  A hobgoblin (D:2)
  3 goblins (D:2)
4 creatures vanquished.

Vanquished Creatures (others)
  5 goblins (D:2)
  A hobgoblin (D:2)
6 creatures vanquished.

Grand Total: 80 creatures vanquished

Notes
Turn   | Place    | Note
-------+----------+-------------------------------------------
     0 | D:1      | H0rd4k the Human Artificer began the quest for the Orb.
     0 | D:1      | Reached XP level 1. HP: 15/15 MP: 1/1
   223 | D:1      | Found a faded altar of an unknown god.
   239 | D:1      | Reached XP level 2. HP: 8/21 MP: 2/2
   653 | D:1      | Reached XP level 3. HP: 24/26 MP: 3/3
  1068 | D:2      | Reached skill level 4 in Evocations
  1828 | D:2      | Noticed Robin
  1860 | D:2      | Reached skill level 1 in Short Blades
  1873 | D:2      | Reached XP level 4. HP: 10/32 MP: 4/4
  1886 | D:2      | Killed Robin
  3671 | D:2      | Reached XP level 5. HP: 20/38 MP: 5/5
  4411 | D:3      | HP: 1/38 [kobold (4)]
  4412 | D:3      | Succumbed to a kobold's poison

Illustrated notes

Levels and vault maps discovered:
D:1:      ncdulo_halloftheorcs, layout_rooms, chequers_ecumenical_altar_simple,
          minmay_misc_feat_five
D:2:      minmay_evil_eye, layout_loops_cross, minmay_tromino_i4, uniq_robin
D:3:      layout_rooms

Skill      XL: |  1  2  3  4  5 |
---------------+----------------+-----
Evocations     | 4 |  4.2
Short Blades   | 1 2 |  2.3
Dodging        | 2 |  2.1
Fighting       | 2 |  2.1
Armour         | |  2.0
Stealth        | |  1.0

Action                   |  1- 3 |  4- 6 || total
-------------------------+-------+-------++-------
Melee: Club              |    42 |       ||    42
       Dagger            |   107 |   206 ||   313
Evoke: Wand              |    12 |     9 ||    21
       Piece from Xom's  |       |     5 ||     5
  Use: Potion            |       |     1 ||     1
 Stab: Sleeping          |     2 |     1 ||     3
       Confused          |       |     2 ||     2
       Paralysed         |       |     2 ||     2
       Petrifying        |       |     1 ||     1
Armor: Leather armour    |    47 |    58 ||   105
Dodge: Dodged            |    75 |   147 ||   222
